Map: Nightscape LE

Players

Massa

  • Race: Terran Terran
  • League: Platinum
  • Spawn Location: 7:00

qqq

  • Race: Zerg Zerg
  • League: Platinum
  • Spawn Location: 7:00

Filip - Winner!

  • Race: Zerg Zerg
  • League: Platinum
  • Spawn Location: 1:00

ssgta - Winner!

  • Race: Terran Terran
  • Spawn Location: 1:00

VOD

Have the link to the VOD?

Description

Time

  • Played on: Sept. 29, 2020, 3:04 p.m.
  • Length: 13:11
Show
View Real Time Build Order
Export as new Build Order

Massa Terran 

Build Orders: Reaper Expand 

Get SALT Encoding   

  12  0:02  SCV  
  13  0:14  SCV  
  14  0:24  Supply Depot  
  14  0:26  SCV  
  15  0:45  SCV  
  15  0:48  Barracks  
  16  0:53  Refinery  
  16  0:57  SCV  
  17  1:10  SCV  
  18  1:22  SCV  
  19  1:34  Orbital Command  
  19  1:37  Reaper  
  20  1:41  Command Center  
  20  2:00  SCV  
  21  2:09  Marine  
  22  2:17  Supply Depot  
  22  2:19  Factory  
  22  2:30  SCV  
  23  2:37  Barracks Reactor  
  23  2:42  SCV  
  24  2:53  Command Center  
  24  2:58  SCV  
  26  3:00  Orbital Command  
  25  3:07  Refinery  
  25  3:10  SCV  
  26  3:18  Starport  
  26  3:22  SCV  
  26  3:27  Hellion x2  
  31  3:28  SCV  
  31  3:32  Barracks Tech Lab  
  32  3:34  SCV  
  32  3:40  SCV  
  34  3:46  SCV  
  34  3:48  Hellion x2  
  39  3:51  Engineering Bay  
  39  3:52  SCV  
  39  3:55  Stimpack  
  40  3:56  Marine  
  40  4:02  SCV  
  42  4:04  SCV  
  42  4:09  Hellion  
  45  4:14  Marine  
  45  4:17  Hellion  
  45  4:21  Orbital Command  
  45  4:22  SCV x2  
  49  4:31  Hellion  
  51  4:32  Marauder  
  53  4:39  Hellion  
  53  4:43  Missile Turret  
  55  4:46  Missile Turret  
  55  4:52  Widow Mine  
  57  4:54  Marauder  
  57  4:59  Missile Turret  
  59  5:00  Widow Mine  
  59  5:03  Missile Turret  
  61  5:11  Supply Depot  
  61  5:19  Missile Turret  
  61  5:32  Widow Mine, Marauder  
  61  5:33  Supply Depot  
  57  5:53  Hellion  
  57  5:54  Hellion, Medivac  
  57  5:56  Supply Depot  
  63  6:07  SCV x2  
  63  6:08  SCV  
  66  6:15  Terran Infantry Weapons Level 1  
  66  6:18  Armory  
  66  6:19  SCV x2  
  66  6:20  Widow Mine x2, SCV  
  66  6:23  Combat Shield  
  66  6:24  Medivac  
  75  6:28  Barracks  
  75  6:29  Refinery  
  75  6:31  SCV  
  75  6:32  Barracks  
  76  6:34  Refinery  
  76  6:38  Barracks  
  76  7:00  Viking  
  78  7:02  Marauder  
  82  7:08  Widow Mine  
  82  7:09  Widow Mine  
  84  7:54  Marauder  
  84  7:56  Hellion  
  84  8:13  Hellion  
  84  8:15  Marauder  
  84  8:21  SCV  
  85  8:28  Barracks Reactor x2, Barracks Tech Lab  
  85  8:34  Orbital Command  
  85  8:50  Marauder  
  85  8:53  SCV x2  
  85  8:54  Supply Depot  
  82  8:56  Supply Depot x2  
  82  9:05  SCV x2  
  84  9:14  Starport Tech Lab  
  84  9:16  Marauder  
  86  9:17  SCV x2  
  86  9:19  Supply Depot  
  86  9:20  Supply Depot  
  86  9:21  Supply Depot  
  84  9:29  Marauder, Marine  
  84  9:30  Marine x3  
  88  9:32  Concussive Shells  
  88  9:34  Widow Mine x2  
  88  9:37  Marauder  
  94  9:42  Supply Depot  
  94  9:44  Supply Depot  
  94  9:45  Supply Depot  
  94  9:47  Marine x4  
  94  9:50  Marauder  
  88  9:55  Widow Mine x2  
  88  9:58  Marauder  
  84  10:05  Marine x4  
  76  10:09  Supply Depot  
  76  10:11  Marauder  
  76  10:17  Widow Mine  
  76  10:19  Marine  
  79  10:22  Marine  
  79  10:23  Marine x3  
  83  10:32  Marine  
  76  10:37  Marauder  
  76  10:38  Terran Infantry Weapons Level 2  
  76  10:40  Marine  
  76  10:41  Marine x3  
  76  10:42  Engineering Bay  
  80  10:44  Banshee, Armory  
  79  10:51  Marauder  
  81  10:58  Marine  
  81  10:59  Marauder, Marine x3  
  87  11:08  Command Center  
  87  11:11  Cloaking Field  
  87  11:12  Marauder, Command Center  
  87  11:16  Marine x3  
  87  11:17  Marine  
  93  11:20  Marauder  
  95  11:27  Banshee  
  89  11:33  Marauder  
  89  11:34  Marine x4  
  92  11:42  Marauder  
  92  11:43  Factory Reactor  
  78  11:52  Marine x4  
  78  11:55  Marauder  
  78  12:01  Barracks  
  75  12:02  Barracks  
  75  12:03  Marauder  
  75  12:04  Barracks  
  75  12:05  Barracks  
  75  12:06  Barracks  
  77  12:10  Marine x4  
  81  12:16  Marauder  
  82  12:24  Marauder  
  82  12:27  Orbital Command  
  82  12:28  Orbital Command, Marine x4  
  75  12:37  Marauder  
  70  12:45  Marine  
  70  12:46  Marauder, Marine x3  
  73  13:08  Barracks Reactor x2, Barracks Tech Lab x2  
Show
View Real Time Build Order
Export as new Build Order

qqq Zerg 

Build Orders: Hatch First, Lurkers, Swarm Host 

Get SALT Encoding   

  12  0:00  Drone  
  13  0:09  Drone  
  14  0:36  Hatchery  
  13  0:43  Drone  
  14  0:56  Spawning Pool  
  13  1:03  Overlord  
  13  1:07  Drone  
  14  1:14  Extractor, Drone  
  14  1:22  Drone  
  15  1:28  Drone  
  16  1:39  Drone  
  17  2:02  Extractor  
  17  2:03  Drone x2  
  17  2:04  Drone  
  17  2:05  Drone  
  17  2:07  Queen  
  22  2:13  Drone  
  24  2:15  Drone  
  24  2:21  Overlord  
  24  2:23  Drone  
  24  2:27  Metabolic Boost  
  25  2:36  Zergling x2  
  26  2:38  Drone  
  26  2:42  Queen  
  29  2:44  Drone  
  29  2:48  Zergling x2  
  31  3:04  Drone x2, Overlord  
  31  3:05  Zergling x2  
  34  3:13  Roach Warren, Zergling x2  
  34  3:14  Drone  
  35  3:25  Zergling x2  
  37  3:27  Drone  
  37  3:35  Zergling x2  
  37  3:36  Drone  
  39  3:48  Zergling x6  
  42  3:50  Overlord  
  42  3:53  Hatchery  
  41  3:58  Drone  
  41  4:00  Lair  
  42  4:03  Roach  
  43  4:18  Roach  
  43  4:19  Roach  
  43  4:20  Roach  
  43  4:21  Roach  
  51  4:35  Overlord x2  
  51  4:36  Overlord x2  
  51  4:49  Overlord  
  51  4:50  Overlord  
  51  4:57  Glial Reconstitution  
  51  5:05  Drone x4  
  51  5:06  Infestation Pit  
  54  5:26  Roach x2  
  54  5:27  Roach  
  58  5:28  Drone x3  
  58  5:29  Drone  
  52  5:56  Roach x2  
  56  5:57  Drone, Roach  
  56  5:58  Drone x2  
  56  6:00  Extractor  
  56  6:02  Extractor, Queen  
  55  6:05  Drone x3  
  55  6:08  Extractor  
  57  6:12  Roach x2  
  57  6:14  Zergling x2  
  57  6:17  Drone  
  63  6:31  Drone x2  
  65  6:37  Hydralisk Den  
  64  6:40  Spore Crawler  
  64  6:41  Spore Crawler  
  64  6:44  Drone x4  
  64  6:45  Drone x4, Spore Crawler  
  69  6:50  Spine Crawler  
  68  7:06  Roach x2  
  68  7:07  Drone  
  68  7:08  Drone x3  
  75  7:09  Drone, Roach x2  
  75  7:10  Roach x2  
  85  7:16  Hatchery  
  85  7:18  Hatchery  
  83  7:36  Drone x2  
  85  7:54  Swarm Host x3  
  85  7:55  Swarm Host  
  85  7:57  Overlord x5  
  86  8:14  Hatchery, Zergling x6  
  86  8:15  Roach x2, Baneling Nest  
  86  8:16  Roach x3  
  91  8:26  Hatchery  
  88  8:33  Lurker Den, Swarm Host x2  
  88  8:34  Swarm Host  
  90  8:35  Swarm Host  
  90  8:36  Nydus Network  
  98  8:44  Roach x2  
  98  8:45  Drone  
  98  8:46  Drone x2  
  98  8:47  Hydralisk  
  107  9:03  Hydralisk x2  
  107  9:05  Swarm Host x3  
  107  9:07  Drone x2  
  107  9:08  Drone  
  123  9:15  Drone  
  123  9:16  Drone  
  100  10:03  Swarm Host  
  100  10:04  Swarm Host x4  
  94  10:17  Roach x3  
  94  10:18  Roach x6  
  94  10:19  Zergling x6, Roach x2  
  94  10:20  Zergling x20  
  121  10:24  Hydralisk  
  108  10:46  Roach x4  
  108  10:47  Roach x3  
  108  10:48  Roach x7  
  135  11:02  Drone x2  
  135  11:03  Drone x5  
  111  11:12  Roach x2  
  111  11:13  Roach x3  
  111  11:14  Lurker x2  
  114  11:20  Roach  
  114  11:21  Zergling x4  
  91  11:27  Hydralisk x2  
  87  11:34  Muscular Augments  
  87  11:35  Evolution Chamber  
  87  11:37  Drone x4, Evolution Chamber  
  87  11:39  Drone  
  64  11:54  Roach x3  
  64  11:55  Roach x4  
  64  12:00  Lurker x2  
  71  12:10  Zergling x6  
  71  12:11  Zergling x8  
  71  12:12  Drone, Zergling x4  
  71  12:13  Roach  
  71  12:14  Drone  
  77  12:25  Drone x5  
  77  12:26  Drone  
  81  12:36  Zergling x4  
  83  12:37  Roach x2  
  83  12:38  Drone  
  83  12:39  Drone  
  83  12:40  Drone  
  78  12:48  Drone x5  
  82  12:52  Zergling x4  
  82  12:56  Drone  
Show
View Real Time Build Order
Export as new Build Order

Filip Zerg - Winner!

Build Orders: Hatch First 

Get SALT Encoding   

  12  0:02  Drone  
  13  0:20  Overlord  
  13  0:30  Drone  
  14  0:38  Drone x2  
  16  0:43  Drone  
  17  0:59  Hatchery, Drone  
  18  1:04  Drone  
  18  1:10  Extractor  
  17  1:16  Drone  
  18  1:20  Spawning Pool  
  17  1:28  Drone  
  18  1:36  Drone  
  19  1:47  Drone  
  20  1:59  Drone  
  21  2:10  Queen x2  
  21  2:14  Metabolic Boost  
  25  2:18  Overlord  
  25  2:25  Overlord  
  25  2:28  Drone x2  
  27  2:30  Drone  
  28  2:42  Unknown  
  28  2:48  Overlord  
  28  2:53  Drone x3  
  28  2:54  Drone  
  32  3:05  Hatchery  
  31  3:15  Drone x2  
  31  3:18  Drone x2  
  35  3:21  Evolution Chamber  
  35  3:23  Drone x2  
  35  3:24  Drone x2  
  38  3:31  Drone  
  38  3:32  Extractor, Queen  
  38  3:34  Drone  
  41  3:48  Zerg Melee Weapons Level 1  
  41  3:49  Zergling x2  
  41  3:50  Zergling x4  
  41  3:52  Overlord x3  
  44  4:00  Overlord  
  44  4:23  Drone x5  
  44  4:24  Drone x3, Queen  
  54  4:33  Drone x2  
  54  4:35  Zergling x2  
  57  4:38  Lair  
  57  4:41  Zergling x8  
  57  4:42  Zergling x2  
  62  4:46  Baneling Nest  
  62  4:48  Drone  
  62  4:49  Extractor  
  62  4:50  Drone x2  
  63  5:00  Queen  
  63  5:01  Drone  
  63  5:02  Drone  
  63  5:03  Zergling x2  
  68  5:08  Zergling x6  
  68  5:10  Zergling x6  
  68  5:11  Zergling x2  
  68  5:12  Zergling x2  
  54  5:29  Zergling x2  
  54  5:30  Zergling x6  
  57  5:39  Spine Crawler, Zergling x14  
  57  5:40  Zergling x2  
  58  5:43  Zergling x4  
  57  6:00  Drone x2  
  57  6:01  Drone x2  
  61  6:05  Zergling x8  
  61  6:10  Zerg Ground Armor Level 1  
  65  6:11  Drone  
  65  6:17  Drone x2  
  68  6:19  Zergling x2  
  69  6:34  Roach Warren  
  69  6:35  Drone x3  
  71  6:53  Centrifical Hooks  
  71  6:54  Zergling x4  
  71  6:55  Zergling x14  
  71  6:56  Zergling x2  
  63  7:32  Zergling x2  
  63  7:33  Zergling x36  
  82  7:40  Spine Crawler  
  82  7:41  Spine Crawler  
  82  7:44  Roach  
  82  7:46  Overlord x3  
  82  7:51  Glial Reconstitution  
  82  8:01  Evolution Chamber  
  82  8:05  Zerg Missile Weapons Level 1  
  76  8:16  Zergling x2  
  76  8:17  Zergling x14  
  83  8:30  Zergling x2  
  83  8:31  Zergling x10  
  89  8:39  Infestation Pit  
  88  8:43  Hatchery  
  62  8:58  Roach  
  62  8:59  Roach x8  
  80  9:21  Roach  
  80  9:22  Roach x7  
  93  9:27  Ravager  
  93  9:28  Overlord x3  
  93  9:31  Queen  
  85  9:47  Zergling x10  
  85  9:51  Roach  
  92  9:59  Zerg Missile Weapons Level 2  
  92  10:00  Zerg Ground Armor Level 2  
  92  10:01  Roach  
  92  10:02  Roach x2  
  63  10:53  Roach  
  63  10:54  Roach x10  
  63  10:56  Roach  
  80  11:01  Drone  
  80  11:02  Drone x4  
  85  11:07  Drone x3  
  88  11:16  Drone x3  
  91  11:28  Hatchery  
  91  11:30  Roach x5  
  100  11:38  Hive  
  100  11:39  Drone  
  94  11:40  Drone x5  
  96  11:48  Ravager  
  96  11:49  Ravager  
  96  11:50  Ravager  
  97  11:55  Ravager  
  95  12:18  Roach  
  76  12:35  Ravager  
  72  12:40  Roach x13  
  72  12:41  Roach x10  
  110  13:00  Extractor  
  110  13:01  Extractor  
  119  13:11  Hatchery  
Show
View Real Time Build Order
Export as new Build Order

ssgta Terran - Winner!

Build Orders:  

Get SALT Encoding   

  12  0:01  SCV  
  13  0:13  SCV  
  14  0:20  Supply Depot  
  14  0:25  SCV  
  15  0:42  SCV  
  16  0:44  Barracks  
  16  0:54  SCV  
  17  1:06  SCV  
  18  1:19  SCV  
  19  1:31  Marine  
  19  1:32  Command Center  
  20  1:47  Refinery, SCV  
  20  1:48  Marine  
  22  1:59  SCV  
  23  2:12  Orbital Command  
  23  2:22  Supply Depot  
  23  2:35  Barracks  
  23  2:36  Barracks  
  23  2:43  Marine  
  23  2:44  Orbital Command  
  24  2:51  Refinery  
  24  2:59  Engineering Bay  
  24  3:01  Marine  
  24  3:04  SCV  
  26  3:07  Orbital Command  
  26  3:15  Factory  
  26  3:16  SCV  
  26  3:19  Marine  
  28  3:28  SCV  
  28  3:33  SCV  
  30  3:40  SCV  
  32  3:42  Marine  
  32  3:43  Marine  
  32  3:45  Barracks Tech Lab, SCV  
  34  3:52  SCV  
  35  3:56  Engineering Bay  
  35  3:58  SCV  
  35  4:00  Factory Tech Lab  
  36  4:03  Marine x3  
  36  4:05  SCV  
  40  4:10  SCV  
  42  4:17  SCV  
  42  4:18  Stimpack  
  42  4:21  Marine  
  42  4:22  SCV  
  46  4:27  Barracks Reactor x2  
  46  4:29  SCV  
  45  4:34  SCV, Supply Depot  
  45  4:37  Supply Depot  
  46  4:40  Refinery  
  46  4:42  Refinery  
  46  4:50  Terran Infantry Armor Level 1, Terran Infantry Weapons Level 1  
  46  4:56  SCV x2, Siege Tank  
  46  4:57  Marine  
  52  5:04  Supply Depot  
  52  5:07  Supply Depot  
  52  5:08  SCV x2  
  52  5:09  Marine x4  
  58  5:15  Marine  
  58  5:18  Bunker  
  58  5:20  SCV  
  60  5:26  Marine  
  60  5:27  Marine x3, Supply Depot  
  60  5:28  Siege Tank  
  67  5:33  Marine  
  66  5:44  Marine  
  66  5:49  Starport  
  67  5:53  Marine x2  
  67  5:54  Marine x2, Command Center  
  71  6:00  Siege Tank  
  71  6:02  Marine  
  75  6:13  Supply Depot  
  75  6:15  Supply Depot  
  75  6:16  SCV x2  
  77  6:21  Marine x2  
  77  6:22  Marine x2  
  77  6:24  Marine  
  82  6:28  SCV x2  
  82  6:30  Armory  
  84  6:34  Siege Tank  
  87  6:46  SCV  
  87  6:47  SCV  
  89  6:49  Starport Reactor  
  89  6:52  Starport  
  89  6:59  SCV, Marine x5  
  95  7:05  Barracks  
  95  7:06  Barracks  
  95  7:13  Supply Depot  
  95  7:16  Marine  
  96  7:42  Marine x5  
  90  7:51  Siege Tank  
  93  7:55  Terran Infantry Armor Level 2, Terran Infantry Weapons Level 2  
  93  7:57  Terran Vehicle Weapons Level 1  
  93  8:00  Marine x5  
  98  8:06  SCV x2  
  98  8:09  Orbital Command  
  98  8:11  Missile Turret  
  98  8:18  SCV x2  
  100  8:27  Starport Reactor  
  100  8:31  Medivac x2  
  104  8:36  Combat Shield  
  104  8:37  Marine x3  
  104  8:38  Marine  
  104  8:39  Barracks Reactor x2  
  108  8:42  SCV x3  
  108  8:45  Marine  
  112  8:54  SCV  
  112  8:55  Marine x3  
  114  9:02  Marine, Missile Turret  
  117  9:03  Marine, Missile Turret  
  117  9:05  Refinery  
  117  9:06  Refinery  
  118  9:13  Marine x3  
  118  9:14  Medivac x2  
  118  9:16  Viking x2  
  123  9:35  Marine x2  
  123  9:37  Marine x3  
  125  9:47  Marine  
  125  9:48  Medivac  
  125  9:49  Medivac  
  111  10:04  Marine x2  
  111  10:05  Marine x7  
  86  10:07  Medivac x2  
  92  10:24  Marine x7  
  92  10:25  Marine  
  93  10:35  Medivac  
  93  10:36  Medivac  
  93  10:40  Terran Vehicle Weapons Level 2  
  97  10:46  Marine x4  
  97  10:47  Marine x5  
  106  10:53  Supply Depot x2  
  106  10:59  Barracks x3  
  93  11:16  Supply Depot  
  92  11:22  Marine  
  92  11:23  Marine x8  
  81  11:40  Marine x2, Supply Depot  
  81  11:41  Marine x6  
  85  11:59  Barracks Reactor x2  
  85  12:05  Barracks Reactor  
  85  12:06  Marine x5  
  85  12:07  Marine x4  
  94  12:09  Viking x4  
  102  12:26  Marine x5  
  102  12:27  Marine x4  
  111  12:39  Command Center  
  111  12:44  Marine x5  
  107  12:49  Marine x5  
  107  12:50  Marine x3  
Tags
 
Add a new tag
Caveats
  • Supply blocks, unpowered buildings, or Contaminate may cause inaccurate times.
  • Supply counts are checked every 10 seconds.